 Dungeon Crawl Stone Soup version 0.29.1-13-g9f3cf754e1 (webtiles) character file.

Game seed: 4665550177910155139

109 Exodus22XD the Covered (level 4, 41/41 HPs)
             Began as a Minotaur Fighter on Feb 4, 2023.
             Was a Plaything of Xom.
             Quit the game on level 2 of the Dungeon.
             The game lasted 00:01:24 (1493 turns).

Exodus22XD the Covered (Minotaur Fighter)           Turns: 1493, Time: 00:01:25

Health: 41/41      AC:  8    Str: 22    XL:     4   Next: 60%
Magic:  3/3        EV:  9    Int:  5    God:    Xom [..*...]
Gold:   86         SH:  4    Dex: 10    Spells: 3/3 levels left

rFire   + . .      SeeInvis .   a - +0 war axe
rCold   . . .      Faith    .   c - +0 buckler
rNeg    . . .      Spirit   .   b - +0 scale mail
rPois   .          Reflect  .   (helmet restricted)
rElec   .          Harm     .   i - +0 cloak
rCorr   .          Rampage  .   (no gloves)
Will    .....                   (no boots)
Stlth   ..........              (no amulet)
HPRegen 0.13/turn               h - ring of protection from fire
MPRegen 0.08/turn               (no ring)

@: no status effects
A: horns 2, retaliatory headbutt
a: Renounce Religion


You were on level 2 of the Dungeon.
You worshipped Xom.
You were a toy of Xom.
You visited 1 branch of the dungeon, and saw 2 of its levels.

You collected 86 gold pieces.

Inventory:

Hand Weapons
 a - a +0 war axe (weapon)
Armour
 b - a +0 scale mail (worn)
 c - a +0 buckler (worn)
 i - a +0 cloak (worn)
Jewellery
 h - a ring of protection from fire (left hand)
Scrolls
 e - 3 scrolls of identify {unknown}
 f - a scroll of blinking {unknown}
 l - a scroll of silence {unknown}
 n - a scroll of noise {unknown}
Potions
 d - a potion of might
 g - a potion of curing {unknown}
 j - 2 potions of heal wounds {unknown}
 k - 2 potions of degeneration {unknown}
 m - a potion of flight {unknown}


   Skills:
 + Level 4.4 Fighting
 + Level 4.1 Axes
 + Level 4.4 Armour
 + Level 4.2 Shields


You had 3 spell levels left.
You didn't know any spells.
Your spell library was empty.

Dungeon Overview and Level Annotations

Branches:
Dungeon (2/15)

Altars:
Xom


Innate Abilities, Weirdness & Mutations

You have a pair of horns on your head.
You reflexively headbutt those who attack you in melee.


Message History

A bat comes into view.
The bat barely misses you.
You closely miss the bat. Your headbutt misses the bat.
The bat completely misses you. The bat barely misses you.
You furiously retaliate!
You headbutt the bat!
You kill the bat!
Found two gnoll skeletons.
There is an open door here.
You open the door.
Found a faded altar of an unknown god.
A ball python comes into view.
There is an open door here.
The ball python hisses angrily.
The ball python closely misses you. The ball python grabs you.
The ball python constricts you.
You escape the ball python's grasp.
There is a faded altar of an unknown god here.
You closely miss the ball python. The ball python barely misses you.
The ball python closely misses you. x2; The ball python barely misses you.
You hit the ball python but do no damage.
The ball python bites you but does no damage.
The ball python barely misses you. The ball python misses you.
You furiously retaliate!
You headbutt the ball python. You block the ball python's attack.
You barely miss the ball python.
The ball python is moderately wounded.
The ball python bites you but does no damage.
The ball python barely misses you.
You completely miss the ball python.
The ball python is moderately wounded.
The ball python completely misses you. You block the ball python's attack. x2
The ball python grabs you. The ball python constricts you.
You slash the ball python!
You kill the ball python!
No target in view!
You cannot tell which god this altar belongs to.
Convert to them anyway?
Xom accepts your prayer! Xom welcomes you!
Xom is very intrigued!
Are you sure you want to abandon this character and quit the game? (Confirm with "yes".)

#.♣♣#.....#♣♣.......#...
#.♣÷#..8..#÷♣........^..
##.♣♣#.....#♣♣......###..
#..♣.###'###.♣......####.
#..♣.........♣.).........
#..♣♣.P..P..♣♣...........
#...♣♣.....♣♣...#...###..
#.#..♣♣.†.♣♣..#....##....
#.##..♣♣@♣♣..##.......#..
#......♣♣♣...##...#####..
##.###..........### #..
#...........#### #..
############# #.. #.. #..
#.. ###


There were no monsters in sight!

Vanquished Creatures
  4 gnolls (D:2)
  2 adders (D:2)
  A worm (D:2)
  A dart slug (D:2)
  An orc (D:2)
  5 ball pythons
  6 bats
  3 endoplasms
  A giant cockroach (D:1)
  A hobgoblin (D:1)
  6 jackals (D:1)
  5 kobolds
  3 quokkas (D:1)
  3 frilled lizards
  2 goblins (D:2)
  6 rats (D:1)
50 creatures vanquished.

Vanquished Creatures (others)
  15 plants (D:2)
15 creatures vanquished.

Grand Total: 65 creatures vanquished

Notes
Turn   | Place    | Note
-------+----------+-------------------------------------------
     0 | D:1      | Exodus22XD the Minotaur Fighter began the quest for the
                  | Orb.
     0 | D:1      | Reached XP level 1. HP: 19/19 MP: 0/0
    95 | D:1      | Reached XP level 2. HP: 27/27 MP: 1/1
   627 | D:1      | Reached XP level 3. HP: 27/33 MP: 2/2
   995 | D:2      | Reached XP level 4. HP: 33/40 MP: 3/3
  1480 | D:2      | Found a faded altar of an unknown god.
  1492 | D:2      | Prayed at the altar of an unknown god.
  1492 | D:2      | Became a worshipper of Xom of Malevolent Giggling
  1493 | D:2      | Quit the game

Illustrated notes

Levels and vault maps discovered:
D:1:      co_arrival_random_square_maze, layout_basic
D:2:      layout_rooms, dilly_ecumenical_altar_fadedgnrine

Skill      XL: |  1  2  3  4 |
---------------+-------------+-----
Armour         | 4 |  4.4
Fighting       | 4 |  4.4
Shields        | 4 |  4.2
Axes           | 3 4 |  4.1

Action                   |  1- 3 |  4- 6 || total
-------------------------+-------+-------++-------
Melee: War axe           |    63 |    32 ||    95
       Headbutt          |    11 |     3 ||    14
Armor: Scale mail        |    26 |    16 ||    42
Dodge: Dodged            |    29 |    32 ||    61
Block: Buckler           |    12 |    12 ||    24
